 Dungeon Crawl Stone Soup version 0.24.0-123-gd5b16e6ec5 (webtiles) character file.

Game seed: 5325709478271924723, levelgen mode: deterministic

56 Elellon the Chopper (level 3, -2/31 HPs)
             Began as a Hill Orc Fighter on Jan 10, 2020.
             Slain by a goblin (3 damage)
             ... led by Robin
             ... on level 1 of the Dungeon.
             The game lasted 00:02:01 (1387 turns).

Elellon the Chopper (Hill Orc Fighter)              Turns: 1387, Time: 00:02:01

Health: -2/31      AC:  8    Str: 19    XL:     3   Next: 95%
Magic:  3/3        EV:  7    Int:  8    God:
Gold:   60         SH:  9    Dex: 10    Spells: 2/2 levels left

rFire    . . .     SeeInvis .   a - +0 war axe
rCold    . . .     Gourm    .   c - +0 shield
rNeg     . . .     Faith    .   b - +0 scale mail
rPois    .         Spirit   .   (no helmet)
rElec    .         Reflect  .   (no cloak)
rCorr    .         Harm     .   (no gloves)
MR       .....                  q - +0 pair of boots
Stlth    ..........             (no amulet)
HPRegen  0.10/turn              (no ring)
MPRegen  0.08/turn              (no ring)

@: no status effects
A: no striking features
a: no special abilities


You were on level 1 of the Dungeon.
You were hungry.

You visited 1 branch of the dungeon, and saw 2 of its levels.

You collected 60 gold pieces.

Inventory:

Hand Weapons
 a - a +0 war axe (weapon)
Missiles
 g - 7 boomerangs of dispersal (quivered)
Armour
 b - a +0 scale mail (worn)
 c - a +0 shield (worn)
 q - a +0 pair of boots (worn)
Scrolls
 i - 2 scrolls of identify {unknown}
 j - a scroll of fear {unknown}
 k - a scroll of noise {unknown}
 m - a scroll of random uselessness {unknown}
 n - a scroll of magic mapping {unknown}
Potions
 d - a potion of might
 e - a potion of cancellation {unknown}
 h - a potion of lignification {unknown}
 l - 2 potions of agility {unknown}
 p - a potion of flight {unknown}
Comestibles
 f - a ration


   Skills:
 - Level 3.6 Fighting
 * Level 5.5 Axes
 - Level 3.2 Armour
 - Level 3.2 Shields


You had 2 spell levels left.
You didn't know any spells.
Your spell library was empty.

Dungeon Overview and Level Annotations

Branches:
Dungeon (2/15)

Altars:
The Shining One


Message History

You slash the goblin!
You kill the goblin!
Robin barely misses you. The hobgoblin hits you.
* * * LOW HITPOINT WARNING * * *
You block the goblin's attack. The goblin hits you.
* * * LOW HITPOINT WARNING * * *
You closely miss Robin.
Robin is severely wounded.
You closely miss the hobgoblin.
Your shield and scale mail prevent you from hitting the goblin.
You slash the goblin!
You kill the goblin!
Robin hits you but does no damage. The hobgoblin hits you.
* * * LOW HITPOINT WARNING * * *
The goblin hits you but does no damage. You block Robin's attack.
Unknown command.
You slash Robin!
You kill Robin!
You hit the goblin. You closely miss the hobgoblin. The goblin hits you.
You die...

...##.................#
......................###
........................#
.........###............####
.........# ##..............#
...(.....# #....##........#
......#### #..............#
......#######...g).........#
...............)@g.....#####
....##.....#.).)†......#########
....##.....#...................#
....##.....#.###...............#
...............................#
......#................#########
......#...#.....#......#
#.........#...###......######
....####..#.................#


You could see a hobgoblin and a goblin.

Vanquished Creatures
  Robin (D:1)
  A worm (D:2)
  A dart slug (D:1)
  A leopard gecko (D:1)
  13 goblins
  4 hobgoblins
  4 jackals (D:1)
  4 bats
  A frilled lizard (D:1)
  2 kobolds
  2 rats
34 creatures vanquished.

Notes
Turn   | Place    | Note
-------+----------+-------------------------------------------
     0 | D:1      | Elellon the Hill Orc Fighter began the quest for the Orb.
     0 | D:1      | Reached XP level 1. HP: 19/19 MP: 1/1
    16 | D:1      | Reached skill level 3 in Axes
    56 | D:1      | Reached XP level 2. HP: 18/26 MP: 2/2
   192 | D:1      | Reached skill level 4 in Axes
   470 | D:1      | Reached XP level 3. HP: 31/31 MP: 3/3
   735 | D:1      | Found a glowing golden altar of the Shining One.
  1204 | D:2      | Noticed Robin
  1257 | D:2      | Reached skill level 5 in Axes
  1386 | D:1      | HP: 1/31 [hobgoblin[Robin] (5)]
  1387 | D:1      | Killed Robin
  1387 | D:1      | Slain by a goblin

Levels and vault maps discovered:
D:1:      dpeg_arrival_houses_and_road, layout_basic, tso_metal_star
D:2:      layout_basic, kennysheep_vampire_church, uniq_natasha, uniq_sigmund,
          uniq_terence, uniq_robin

Skill      XL: |  1  2  3 |
---------------+----------+-----
Axes           | 3 4 5 |  5.5
Fighting       | |  3.6
Armour         | |  3.2
Shields        | |  3.2

Action                   || total
-------------------------++-------
Melee: War axe           ||    78
  Eat: Chunk             ||     1
Armor: Scale mail        ||    40
Dodge: Dodged            ||    43
Block: Shield            ||    46
